 Dungeon Crawl Stone Soup version 0.25-a0-265-g7af84ae0ac (webtiles) character file.

Game seed: 11827183570333181285, levelgen mode: deterministic

24 Cinder the Grave Robber (level 2, -3/23 HPs)
             Began as a Demonspawn Necromancer on Dec 8, 2019.
             Slain by a worm (11 damage)
             ... on level 1 of the Dungeon.
             The game lasted 00:02:46 (1393 turns).

Cinder the Grave Robber (Demonspawn Necromancer)    Turns: 1393, Time: 00:02:46

Health: -3/23      AC:  2    Str:  8    XL:     2   Next: 79%
Magic:  0/5        EV: 12    Int: 16    God:
Gold:   3          SH:  0    Dex: 13    Spells: 3/5 levels left

rFire    . . .     SeeInvis .   d - +0 dagger
rCold    . . .     Gourm    .   (no shield)
rNeg     . . .     Faith    .   a - +0 robe
rPois    .         Spirit   .   (no helmet)
rElec    .         Reflect  .   (no cloak)
rCorr    .         Harm     .   (no gloves)
MR       .....                  (no boots)
Stlth    ++........             (no amulet)
HPRegen  0.07/turn              (no ring)
MPRegen  0.09/turn              (no ring)

@: starving
A: rot immunity
a: no special abilities


You were on level 1 of the Dungeon.
You were starving.

You visited 1 branch of the dungeon, and saw 2 of its levels.

You collected 3 gold pieces.

Inventory:

Hand Weapons
 d - a +0 dagger (weapon)
Missiles
 e - 32 stones (quivered)
 l - 5 poisoned darts
Armour
 a - a +0 robe (worn)
Jewellery
 k - an uncursed amulet of guardian spirit {unknown}
Scrolls
 b - a scroll of immolation {unknown}
 f - a scroll of noise {unknown}
 h - a scroll of amnesia {unknown}
 i - 3 scrolls of identify {unknown}
Potions
 g - a potion of lignification {unknown}
 j - 2 potions of curing {unknown}
Comestibles
 c - 4 rations


   Skills:
 + Level 2.5 Fighting
 - Level 1.7 Dodging
 - Level 1.7 Stealth
 - Level 2.0 Spellcasting
 - Level 4.3 Necromancy


You had 3 spell levels left.
You knew the following spells:

 Your Spells              Type           Power        Failure   Level  Hunger
a - Pain                  Necr           ###.         3%          1    #......
b - Animate Skeleton      Necr           N/A          3%          1    #......

Your spell library contained the following spells:

 Spells                   Type           Power        Failure   Level  Hunger
 Vampiric Draining        Necr           ###.......   11%         3    ###....
 Regeneration             Chrm/Necr      #.........   26%         3    ###....
 Animate Dead             Necr           N/A          34%         4    #####..


Dungeon Overview and Level Annotations

Branches:
Dungeon (2/15)

Altars:


Innate Abilities, Weirdness & Mutations

You are immune to rotting.


Message History

Aiming: Pain (safe; 3% risk of failure)
Press: ? - help, Shift-Dir - straight line, f/p - worm
Aim: a worm (heavily wounded, chance to defeat MR: 80%)
The worm barely resists.
You are starving!
You don't have the energy to cast that spell.
You hit the worm but do no damage.
The worm is moderately wounded.
You hit the worm.
The worm is heavily wounded.
The worm bites you!
You hit the worm but do no damage.
The worm is heavily wounded.
You hit the worm but do no damage.
The worm is heavily wounded.
The worm barely misses you.
You hit the worm but do no damage.
The worm is moderately wounded.
The worm bites you!
You die...

...# #.##.######.#
#.# ...#
#.##.######.# ###
#### #.##.....##.# #
##+######.##.# ##
#.......#.##.# .#
#.....#.#..#.#######
.##
#.....#.#.##.#.>...#
..#
#....##.)....#.###.#
.[# #....####.#w@..#
#.# ..#
#....+..#.....####.##
..#
#....##.....#.......#
..#
#..[........#..######
.## ###'#.#######..#
## ####...#........#
####......#.######.#
.....####.#.# #....#
####.# #.#.###.####


You could see a worm.

Vanquished Creatures
  A leopard gecko (D:1)
  A ball python (D:1)
  A bat (D:1)
  A giant cockroach (D:1)
  2 goblins (D:1)
  2 hobgoblins (D:1)
  A frilled lizard (D:1)
  7 kobolds (D:1)
  7 rats (D:1)
23 creatures vanquished.

Notes
Turn   | Place    | Note
-------+----------+-------------------------------------------
     0 | D:1      | Cinder the Demonspawn Necromancer began the quest for the
                  | Orb.
     0 | D:1      | Reached XP level 1. HP: 13/13 MP: 3/3
     2 | D:1      | Learned a level 1 spell: Animate Skeleton
    67 | D:1      | Reached skill level 1 in Fighting
   374 | D:1      | Gained mutation: You are immune to rotting. [demonic
                  | ancestry]
   374 | D:1      | Reached XP level 2. HP: 22/22 MP: 3/5
  1393 | D:1      | Slain by a worm

Levels and vault maps discovered:
D:1:      dpeg_arrival_ratfight, layout_basic, roderic_roman_lattice
D:2:      layout_loops_ring, dk_noncrumbling_3

Skill      XL: |  1  2 |
---------------+-------+-----
Fighting       | 1 2 |  2.5
Dodging        | |  1.7
Stealth        | |  1.7
Spellcasting   | |  2.0
Necromancy     | |  4.3

Action                   || total
-------------------------++-------
Melee: Dagger            ||    13
 Cast: Pain              ||    44
Armor: Robe              ||     1
Dodge: Dodged            ||     9

Table legend:
 A = Non-vault XP
 B = Vault XP
 C = Vault XP percentage of total XP
 D = Non-vault monster count
 E = Vault monster count
 F = Vault count percentage of total count
                 A         B        C        D         E       F
            +---------+---------+-------+---------+---------+-------
      Total |      30 |       5 |  14.3 |      18 |       5 |  21.7
            +---------+---------+-------+---------+---------+-------
        D:1 |      30 |       5 |  14.3 |      18 |       5 |  21.7
            +---------+---------+-------+---------+---------+-------
